 Dungeon Crawl Stone Soup version 0.23-a0-586-gacb4b3f (webtiles) character file.

3072 williamrandolph the Cleaver (level 9, 0/82 HPs)
             Began as a Minotaur Berserker on Dec 19, 2018.
             Was a High Priest of Trog.
             Slain by a hungry ghost (4 damage)
             ... on level 7 of the Dungeon.
             The game lasted 00:31:38 (6704 turns).

williamrandolph the Cleaver (Minotaur Berserker)    Turns: 6704, Time: 00:31:38

Health: 0/82       AC: 12    Str: 22    XL:     9   Next: 58%
Magic:  2/2        EV: 12    Int:  4    God:    Trog [*****.]
Gold:   470        SH:  0    Dex: 13    Spells: 8/8 levels left

rFire    . . .     SeeInvis .   l - +3 hand axe (antimagic)
rCold    . . .     Gourm    .   (no shield)
rNeg     . . .     Faith    .   j - +0 chain mail
rPois    .         Spirit   .   (helmet restricted)
rElec    .         Reflect  .   (no cloak)
rCorr    .         Harm     .   t - +0 pair of gloves
MR       +....                  (no boots)
Stlth    ..........             (no amulet)
HPRegen  0.23/turn              (no ring)
MPRegen  0.08/turn              p - ring of protection from magic

@: berserk cooldown, slowed, very slow
A: retaliatory headbutt, horns 2
a: Berserk, Trog's Hand, Brothers in Arms, Renounce Religion


You were on level 7 of the Dungeon.
You worshipped Trog.
Trog was extremely pleased with you.
You were hungry.

You visited 1 branch of the dungeon, and saw 7 of its levels.
You also visited: Sewer.

You collected 470 gold pieces.

Inventory:

Hand Weapons
 l - a +3 antimagic hand axe (weapon)
 r - a +1 war axe
 v - a +0 battleaxe
 x - a +2 vampiric war axe
Armour
 j - a +0 chain mail (worn)
 t - a +0 pair of gloves (worn)
Jewellery
 a - a cursed -2 ring of evasion
 p - a ring of protection from magic (right hand)
Scrolls
 e - a scroll of teleportation
 f - 6 scrolls of identify
 k - a scroll of blinking {unknown}
 m - 3 scrolls of remove curse
 n - a scroll of fog {unknown}
 q - a scroll of magic mapping {unknown}
 s - a scroll of amnesia
 u - a scroll of random uselessness {unknown}
Potions
 b - a potion of flight {unknown}
 d - a potion of brilliance {unknown}
 g - a potion of resistance {unknown}
 h - 2 potions of agility {unknown}
 i - 2 potions of curing
 o - a potion of heal wounds {unknown}
 w - 2 potions of invisibility {unknown}
 z - 2 potions of lignification {unknown}
Comestibles
 c - 11 rations


   Skills:
 + Level 8.8 Fighting
 + Level 8.9 Axes
 + Level 8.4 Armour
 + Level 7.6 Dodging


You had 8 spell levels left.
You didn't know any spells.
Your spell library was empty.

Dungeon Overview and Level Annotations

Branches:
Dungeon (7/15)             Temple (0/1) D:7

Altars:
Gozag
Xom

Shops:
D:5 ?


Innate Abilities, Weirdness & Mutations

You reflexively headbutt those who attack you in melee.
You have a pair of horns on your head.


Message History

* * * LOW HITPOINT WARNING * * *
As you read the scroll of teleportation, it crumbles to dust.
You feel strangely unstable. The orc warrior barely misses you. x2
You furiously retaliate!
You headbutt the orc warrior, but do no damage.
Your surroundings suddenly seem different.
A worker ant zombie comes into view.
A hungry ghost comes into view.
Found 2 potions of curing and a scroll of amnesia.
The hungry ghost hits you.
You feel a lot more hungry. The hungry ghost hits you.
You are feeling hungry.
Found a staircase to the Ecumenical Temple.
A bullfrog comes into view.
The hungry ghost barely misses you.
A howler monkey comes into view.
The bullfrog croaks.
The howler monkey howls!
The howler monkey hoots and howls with incredible vigour!
The worker ant zombie bites you but does no damage.
The hungry ghost hits you.
You die...

#........ #........
#........
######........ ..
#.............
..h.####.#.##........
....F................
##.##.#WZ##.#........
.. #@....#....!...
#.#..F.##...........
.. #.##....##....?...
# .. ..## ..........
... >.. ..####### .#
...# .. . #.##... .
#. ... # # #. .. #..
..


You could see a hungry ghost, a bullfrog and a worker ant zombie.

Vanquished Creatures
  The ghost of popps the Skirmisher, a novice DsFi of Okawaru (D:6)
  Grinder (D:6)
  A hornet (D:7)
  2 sky beasts
  A phantom (D:5)
  3 ogres
  A centaur (D:2)
  A crocodile (Sewer)
  2 bullfrogs (D:6)
  3 wights (D:7)
  A howler monkey (D:5)
  2 crimson imps
  2 bullfrog zombies
  2 centaur zombies
  2 hounds
  6 orc priests
  2 centaur skeletons
  2 jellies (D:6)
  2 orc wizards
  A bullfrog skeleton (D:5)
  10 worker ants
  A killer bee zombie (D:5)
  A hound zombie (D:5)
  2 hound skeletons (D:6)
  A howler monkey zombie (D:7)
  A worker ant zombie (D:5)
  9 gnolls
  11 adders
  A shadow imp (D:6)
  An ooze (D:2)
  5 adder zombies
  5 adder skeletons
  2 worms
  3 dart slugs
  2 leopard geckos
  23 orcs
  A ball python (D:5)
  7 bats
  6 giant cockroaches
  4 goblins
  10 hobgoblins
  11 jackals
  14 kobolds
  A quokka (D:7)
  9 frilled lizards
  A jackal skeleton (D:6)
  2 jackal zombies (D:5)
  A leopard gecko zombie (D:5)
  3 quokka skeletons
  A quokka zombie (D:6)
  20 rats
207 creatures vanquished.

Vanquished Creatures (others)
  A centaur (D:5)
  A worker ant (D:5)
  A quokka (D:5)
  A leopard gecko skeleton (D:5)
  A quokka zombie (D:5)
5 creatures vanquished.

Grand Total: 212 creatures vanquished

Notes
Turn   | Place    | Note
-------+----------+-------------------------------------------
     0 | D:1      | williamrandolph the Minotaur Berserker began the quest for
                  | the Orb.
     0 | D:1      | Reached XP level 1. HP: 19/19 MP: 0/0
   178 | D:1      | Reached XP level 2. HP: 27/27 MP: 1/1
   651 | D:1      | Reached XP level 3. HP: 33/33 MP: 2/2
   949 | D:1      | Reached ** piety under Trog
  1329 | D:2      | Reached XP level 4. HP: 40/40 MP: 3/3
  1427 | D:2      | Noticed a centaur
  1435 | D:2      | Killed a centaur
  1435 | D:2      | Reached XP level 5. HP: 47/47 MP: 4/4
  1783 | D:2      | Reached skill level 5 in Axes
  2201 | D:3      | Reached skill level 5 in Fighting
  2206 | D:3      | Reached *** piety under Trog
  2206 | D:3      | Reached XP level 6. HP: 56/56 MP: 5/5
  3036 | D:4      | Reached skill level 5 in Armour
  3050 | D:3      | Reached XP level 7. HP: 19/62 MP: 6/6
  3664 | D:4      | Reached **** piety under Trog
  4101 | D:5      | Entered Level 5 of the Dungeon
  4166 | D:5      | Reached skill level 5 in Dodging
  4298 | D:5      | Found Painkut's Magic Scroll Boutique.
  4365 | D:5      | Found a shimmering altar of Xom.
  4499 | D:5      | Found a glowing drain.
  4512 | Sewer    | Entered a sewer
  4584 | Sewer    | Reached XP level 8. HP: 71/71 MP: 7/7
  4694 | D:5      | Reached ***** piety under Trog
  5583 | D:6      | Noticed Grinder
  5614 | D:6      | Killed Grinder
  5614 | D:6      | Reached XP level 9. HP: 81/81 MP: 8/8
  5717 | D:6      | Received a gift from Trog
  6063 | D:6      | Found a runed gate.
  6063 | D:6      | Found a runed gate.
  6063 | D:6      | Found a runed gate.
  6117 | D:6      | Found an opulent altar of Gozag.
  6119 | D:6      | Noticed popps's ghost (novice DsFi)
  6142 | D:6      | Killed popps's ghost
  6676 | D:7      | Paralysed by a hornet for 1 turns
  6680 | D:7      | Paralysed by a hornet for 3 turns
  6694 | D:7      | HP: 1/82 [orc warrior/+0 trident (18)]
  6701 | D:7      | Found a staircase to the Ecumenical Temple.
  6704 | D:7      | Slain by a hungry ghost

Vault maps used:
D:1:      dpeg_arrival_concentric_ovals
D:2:      minmay_rat_gold_closets
D:4:      first_ration, minmay_fractal_squares_gapless_5
D:5:      serial_shops, shop_fountains, portal_sewer_entry_a, serial_undead,
          serial_undead_d, serial_undead_d, serial_undead_f, serial_undead_c,
          nrook_campfire, grunt_ministairs_3, nrook_loot_triangle,
          xom_confusion_cloud
D:6:      ebering_ghost_gozag, uniq_grinder
D:7:      minmay_temple_entry_ruins, nrook_mini_backslash
Sewer:    sewer_the_crocodile

Skill      XL: |  1  2  3  4  5  6  7  8  9 |
---------------+----------------------------+-----
Fighting       | 4 5 6 7 8 |  8.8
Axes           | 4 5 6 7 8 |  8.9
Armour         | 3 4 5 6 7 8 |  8.4
Dodging        | 3 4 5 6 7 |  7.6

Action                   |  1- 3 |  4- 6 |  7- 9 || total
-------------------------+-------+-------+-------++-------
Melee: Hand axe          |    76 |   116 |   304 ||   496
       Headbutt          |    11 |    22 |    80 ||   113
Invok: Berserk           |     3 |     6 |    11 ||    20
       Trog's Hand       |       |       |     2 ||     2
  Use: Scroll            |       |       |     7 ||     7
       Potion            |       |       |     1 ||     1
  Eat: Chunk             |     3 |    12 |    14 ||    29
       Ration            |       |       |     3 ||     3
Armor: Animal skin       |     9 |       |       ||     9
       Chain mail        |     1 |    42 |   134 ||   177
Dodge: Dodged            |    28 |    51 |   147 ||   226

Table legend:
 A = Non-vault XP
 B = Vault XP
 C = Vault XP percentage of total XP
 D = Non-vault monster count
 E = Vault monster count
 F = Vault count percentage of total count
                 A         B        C        D         E       F
            +---------+---------+-------+---------+---------+-------
      Total |    2837 |    1552 |  35.4 |     162 |      45 |  21.7
            +---------+---------+-------+---------+---------+-------
        D:1 |      61 |       0 |   0.0 |      29 |       0 |   0.0
        D:2 |     249 |       9 |   3.5 |      25 |       9 |  26.5
        D:3 |     228 |       0 |   0.0 |      29 |       0 |   0.0
        D:4 |     489 |      13 |   2.6 |      34 |       1 |   2.9
        D:5 |     586 |     394 |  40.2 |      17 |      23 |  57.5
        D:6 |     735 |    1023 |  58.2 |      22 |       6 |  21.4
        D:7 |     489 |       0 |   0.0 |       6 |       0 |   0.0
      Sewer |       0 |     113 | 100.0 |       0 |       6 | 100.0
            +---------+---------+-------+---------+---------+-------
